 Dungeon Crawl Stone Soup version 0.30-a0-1006-g5d778dfbfc (webtiles) character file.

Game seed: 6577916235651602387

139 DavidChitty2 the Slasher (level 5, 0/46 HPs)
             Began as a Meteoran Cinder Acolyte on Apr 5, 2023.
             Was an Initiate of Ignis.
             Slain by Edmund
             ... wielding a +1 flail of protection
              (10 damage)
             ... on level 4 of the Dungeon.
             The game lasted 00:02:37 (532 turns).

DavidChitty2 the Slasher (Meteoran Cinder Acolyte)   Turns: 532, Time: 00:02:37

Health: 0/46       AC:  3    Str: 15    XL:     5   Next: 75%
Magic:  10/10      EV: 11    Int: 17    God:    Ignis [......]
Gold:   43         SH:  0    Dex: 10    Spells: 10/10 levels left

rFire   + . .      SeeInvis .    a - -1 falchion (flame)
rCold   . . .      Faith    .    (no shield)
rNeg    . . .      Spirit   .    d - +0 leather armour
rPois   .          Reflect  .    (no helmet)
rElec   .          Rampage  .    (no cloak)
rCorr   .                        (no gloves)
Will    .....                    (no boots)
Stlth   +                        (no amulet)
HPRegen 0.27/turn                (no ring)
MPRegen 0.12/turn                (no ring)

@: glowing
A: sense surroundings 1, otherworldly, glowing, explore regen
a: Renounce Religion, Rising Flame


You were on level 4 of the Dungeon.
You worshipped Ignis.
Ignis was noncommittal.
You visited 1 branch of the dungeon, and saw 4 of its levels.

You collected 43 gold pieces.

Inventory:

Hand Weapons
 a - a -1 falchion of flaming (weapon)
Armour
 b - a +0 robe
 d - a +0 leather armour (worn)
   (You found it on level 3 of the Dungeon)
Wands
 t - a wand of flame (15)
   (You found it on level 2 of the Dungeon)
Scrolls
 c - a scroll of identify {unknown}
 e - 2 scrolls of immolation {unknown}
 f - a scroll of fear {unknown}
 g - a scroll of enchant armour {unknown}
 h - 2 scrolls of teleportation {unknown}
 i - a scroll of enchant weapon {unknown}


   Skills:
 + Level 4.2 Fighting
 + Level 4.7 Long Blades
 + Level 3.1 Spellcasting
 + Level 4.6 Fire Magic


You had 10 spell levels left.
You didn't know any spells.
Your spell library contained the following spells:

 Spells                   Type           Power      Damage    Failure   Level
 Scorch                   Fire           36%        2d6       4%          2
 Animate Armour           Summ/Erth      4%         N/A       91%         4
 Conjure Ball Lightning   Conj/Air       1%         3x3d6     100%        6


Dungeon Overview and Level Annotations

Branches:
Dungeon (4/15) Zot: 1861
 Temple: D:4-7

Altars:

Annotations:
D:4 Edmund


Innate Abilities, Weirdness & Mutations

You passively map a small area around you.
You are easily found by Zot.
You glow in the dark.
You regain HP and MP as you explore.


Message History

No target in view!
Found a scroll labelled ZUXA EP FECREMM.
h - 2 scrolls labelled ZUXA EP FECREMM (gained 1)
You open the door.
There is an open door here.
Found a falchion.
Found a scroll labelled BAUSOIGH CYXE and 18 gold pieces.
i - a scroll labelled BAUSOIGH CYXE A goblin comes into view.
It is wielding a +0 dagger.
The goblin shouts!
You see here 18 gold pieces.
A goblin is nearby!
A goblin is nearby!
A giant cockroach comes into view.
Edmund the Younger comes into view.
He is wielding a +1 flail of protection and wearing a +2 leather armour of fire resistance.
Okay, then.
Found 7 gold pieces.
Edmund shouts!
The goblin hits you with a +0 dagger.
The giant cockroach bites you but does no damage.
You hit the giant cockroach but do no damage.
The giant cockroach bites you. The goblin hits you but does no damage.
The giant cockroach bites you but does no damage.
The goblin closely misses you.
You closely miss the giant cockroach. The giant cockroach bites you.
The goblin barely misses you.
You hit the giant cockroach but do no damage.
The giant cockroach barely misses you. The goblin hits you but does no damage.
You closely miss the giant cockroach.
The giant cockroach bites you but does no damage.
The goblin hits you with a +0 dagger.
You closely miss the giant cockroach. The giant cockroach closely misses you.
The goblin hits you but does no damage. The giant cockroach bites you.
You hit the giant cockroach. You burn the giant cockroach.
You kill the giant cockroach!
The goblin completely misses you.
You hit Edmund. You burn Edmund. The goblin hits you with a +0 dagger.
Edmund hits you with a +1 flail of protection!
You closely miss Edmund.
Edmund hits you with a +1 flail of protection!
* * * LOW HITPOINT WARNING * * *
The goblin hits you with a +0 dagger.
* * * LOW HITPOINT WARNING * * *
You hit Edmund. The goblin hits you with a +0 dagger.
* * * LOW HITPOINT WARNING * * *
Edmund hits you with a +1 flail of protection!
* * * LOW HITPOINT WARNING * * *
You barely miss Edmund. The goblin hits you but does no damage.
Edmund hits you with a +1 flail of protection!
You die...

* ,,#..#.# #
.#..###$..... #..#.###
* ........... ,#....)..
* #,........., ,
#.##)### , *.#....... ,
,#....§.§ ........
#...#.## , ,
*.####.#.... , #...#.#
......@g#.# #...#.##
#..@#.# .........
,#....#.#.#* ###...#.##
#... #...#### #...#.#
,#.., #$.....# #...#.#
.##.# #......# ,
......#......### ,
#..........#* , *
.............#.######)#
.####.##..............#


You could see Edmund and a goblin.

Vanquished Creatures
  An orc priest (D:4)
  A sleepcap (D:4)
  2 orc wizards (D:4)
  An adder (D:4)
  3 orcs (D:4)
  A ball python (D:4)
  2 bats
  An endoplasm (D:4)
  2 giant cockroaches
  2 goblins
  A hobgoblin (D:3)
  2 jackals (D:1)
  A kobold (D:2)
  A quokka (D:3)
21 creatures vanquished.

Vanquished Creatures (others)
  49 foxfires
49 creatures vanquished.

Grand Total: 70 creatures vanquished

Notes
Turn   | Place    | Note
-------+----------+-------------------------------------------
     0 | D:1      | DavidChitty2 the Meteoran Cinder Acolyte began the quest
                  | for the Orb.
     0 | D:1      | Reached XP level 1. HP: 19/19 MP: 3/3
    46 | D:1      | Reached XP level 2. HP: 12/26 MP: 5/5
    49 | D:1      | Got the Almanac of the Friendly Discharge
   266 | D:4      | Reached XP level 3. HP: 25/31 MP: 5/7
   322 | D:4      | Reached XP level 4. HP: 28/40 MP: 8/8
   334 | D:4      | Reached XP level 5. HP: 24/46 MP: 8/10
   521 | D:4      | Noticed Edmund
   532 | D:4      | Slain by Edmund

Illustrated notes

Levels and vault maps discovered:
D:1:      dpeg_arrival_shrine, layout_loops_ring
D:2:      layout_basic, minmay_tromino_v7
D:3:      layout_basic, mainiacjoe_overflow_alcove_1
D:4:      layout_basic, uniq_edmund

Skill      XL: |  1  2  3  4  5 |
---------------+----------------+-----
Long Blades    | 4 |  4.7
Spellcasting   | 2 3 |  3.1
Fire Magic     | 4 |  4.6
Fighting       | 4 |  4.2

Action                     |  1- 3 |  4- 6 || total
---------------------------+-------+-------++-------
  Melee: Falchion          |    42 |    28 ||    70
 Invoke: Foxfire Swarm     |     5 |     3 ||     8
  Evoke: Wand              |       |     2 ||     2
 Armour: Robe              |    14 |       ||    14
         Leather armour    |     5 |    11 ||    16
  Dodge: Dodged            |    26 |    16 ||    42

Table legend: (Time is in decaauts)
 A = Elapsed time spent in this place.
 B = Non-inter-level travel time spent in this place.
 C = Inter-level travel time spent in this place.
 D = Time resting spent in this place.
 E = Time spent auto-exploring this place.
 F = Levels seen in this place.
 G = Mean time per level.
                   A        B        C        D        E       F      G
               +--------+--------+--------+--------+--------+-----+--------+
         Total |    537 |    521 |     16 |      0 |    281 |   4 |  134.2 |
       Dungeon |    537 |    521 |     16 |      0 |    281 |   4 |  134.2 |
               +--------+--------+--------+--------+--------+-----+--------+

Top non-repeatable levels by time:
     D:4: 324 daAuts
     D:3: 92 daAuts
     D:1: 70 daAuts
     D:2: 51 daAuts
